Map: Echo LE (Void)

Players

KeithApe - Winner!

  • Race: Protoss Protoss

Shamanas

  • Race: Terran Terran

VOD

Have the link to the VOD?

Description

Time

  • Played on: May 2, 2015, 8:33 a.m.
  • Length: 8:51
Show
View Real Time Build Order
Export as new Build Order

KeithApe Protoss - Winner!

Build Orders: 1 Gate Expand, Zealot Archon 

Get SALT Encoding   

  12  0:01  Probe  
  13  0:13  Pylon  
  13  0:23  Probe  
  14  0:35  Probe (Chrono Boost)  
  14  0:36  Gateway  
  15  0:48  Probe (Chrono Boost)  
  16  0:57  Probe (Chrono Boost)  
  17  1:05  Probe  
  18  1:14  Nexus  
  18  1:19  Assimilator  
  18  1:22  Assimilator  
  18  1:33  Cybernetics Core  
  18  1:34  Probe  
  19  1:41  Pylon  
  19  1:46  Probe (Chrono Boost)  
  20  1:57  Probe (Chrono Boost)  
  21  2:03  Probe  
  22  2:12  Pylon  
  22  2:13  Adept (Chrono Boost)  
  24  2:16  Mothership Core  
  26  2:24  Warp Gate  
  26  2:33  Pylon  
  25  2:37  Probe  
  25  2:42  Probe  
  27  2:45  Stalker  
  27  2:49  Probe (Chrono Boost)  
  30  2:55  Probe (Chrono Boost)  
  31  3:01  Probe (Chrono Boost)  
  31  3:04  Robotics Facility  
  32  3:08  Probe (Chrono Boost)  
  32  3:10  Probe  
  34  3:19  Probe  
  35  3:23  Probe (Chrono Boost)  
  36  3:31  Probe (Chrono Boost)  
  38  3:39  Probe (Chrono Boost), Forge  
  39  3:43  Probe (Chrono Boost), Twilight Council  
  39  3:44  Assimilator  
  39  3:47  Probe (Chrono Boost)  
  40  3:51  Probe (Chrono Boost), Observer (Chrono Boost), Assimilator  
  42  3:56  Probe (Chrono Boost)  
  43  4:03  Gateway  
  43  4:05  Gateway  
  43  4:06  Observer (Chrono Boost)  
  43  4:08  Probe x2  
  46  4:15  Protoss Ground Weapons Level 1 (Chrono Boost)  
  44  4:29  Immortal  
  48  4:31  Probe x2  
  48  4:38  Zealot  
  52  4:43  Probe x2, Charge  
  54  4:46  Pylon  
  54  4:50  Pylon  
  53  4:54  Pylon  
  51  5:02  Adept  
  53  5:08  Probe  
  53  5:09  Probe  
  53  5:12  Immortal (Chrono Boost)  
  58  5:16  Zealot x2  
  62  5:27  Dark Shrine  
  62  5:38  Probe x2  
  62  5:40  Immortal (Chrono Boost)  
  68  5:52  Gateway x2  
  68  5:55  Gateway x2  
  68  5:57  Protoss Ground Weapons Level 2 (Chrono Boost)  
  68  6:04  Zealot  
  70  6:05  Zealot  
  70  6:08  Zealot  
  74  6:12  Observer (Chrono Boost)  
  75  6:23  Observer (Chrono Boost)  
  75  6:32  Adept x3  
  82  6:54  Pylon  
  82  7:00  Dark Templar  
  84  7:05  Pylon  
  84  7:06  Pylon  
  84  7:07  Pylon x2  
  84  7:08  Pylon x2  
  84  7:09  Pylon  
  84  7:12  Pylon  
  84  7:16  Dark Templar x4  
  84  7:21  Archon x2  
  92  7:23  Dark Templar  
  92  7:24  Zealot  
  96  7:32  Archon  
  96  7:40  Zealot  
  96  7:42  Zealot  
  96  7:43  Pylon  
  100  7:45  Zealot  
  80  7:58  Dark Templar x2  
  80  7:59  Dark Templar x2  
  78  8:06  Archon x2  
  78  8:07  Zealot  
  78  8:08  Zealot x2  
  78  8:33  Stalker x2  
  78  8:34  Stalker x4  
  84  8:35  Stalker  
Show
View Real Time Build Order
Export as new Build Order

Shamanas Terran 

Build Orders: Reaper Expand 

Get SALT Encoding   

  12  0:01  SCV  
  13  0:13  SCV  
  14  0:17  Supply Depot  
  14  0:25  SCV  
  15  0:38  SCV  
  15  0:41  Barracks  
  16  0:47  Refinery  
  16  0:50  SCV  
  17  1:03  SCV  
  18  1:15  SCV  
  19  1:28  Orbital Command  
  19  1:29  Reaper  
  20  1:39  Command Center  
  20  1:45  Supply Depot  
  21  1:54  SCV  
  21  2:01  Barracks Reactor  
  21  2:06  SCV  
  22  2:14  Refinery  
  22  2:18  SCV  
  23  2:24  Factory  
  23  2:30  SCV  
  24  2:38  Marine  
  24  2:39  Marine  
  24  2:43  SCV  
  27  2:52  Command Center  
  27  2:56  Marine x2  
  29  2:59  Orbital Command  
  29  3:02  SCV  
  30  3:07  Factory Tech Lab  
  30  3:14  SCV, Marine x2  
  33  3:22  Missile Turret  
  33  3:26  SCV  
  33  3:28  SCV  
  33  3:33  Cyclone  
  37  3:34  Marine  
  37  3:38  SCV  
  39  3:43  SCV  
  39  3:45  Supply Depot  
  40  3:50  SCV  
  40  3:53  Marine x2  
  40  3:55  Factory  
  43  3:59  SCV  
  43  4:01  Starport  
  44  4:03  SCV  
  45  4:11  SCV  
  45  4:12  Orbital Command  
  45  4:15  SCV  
  45  4:16  Refinery  
  47  4:20  Cyclone  
  47  4:23  SCV  
  51  4:27  SCV  
  51  4:29  Missile Turret  
  52  4:31  Missile Turret  
  52  4:35  SCV  
  53  4:39  Starport Tech Lab  
  53  4:42  Armory  
  53  4:48  SCV x2  
  53  4:50  Refinery  
  55  5:01  Hellion x2  
  55  5:02  Cyclone  
  55  5:05  Orbital Command  
  55  5:06  SCV x2  
  64  5:23  SCV x2  
  64  5:27  Supply Depot  
  60  5:31  SCV, Missile Turret  
  60  5:35  SCV x2  
  63  5:38  Hellion x2  
  63  5:39  Cloaking Field  
  67  5:48  Supply Depot x2, Cyclone, Banshee  
  73  5:51  Supply Depot  
  73  5:54  SCV x2, Refinery  
  73  5:55  SCV  
  73  5:56  Terran Vehicle and Ship Weapons Level 1  
  76  6:00  Supply Depot  
  76  6:04  Starport  
  76  6:05  Starport  
  76  6:06  SCV  
  76  6:09  SCV  
  76  6:10  Hellion x2  
  82  6:15  SCV  
  82  6:16  Refinery  
  83  6:19  SCV  
  83  6:20  Cyclone  
  83  6:21  SCV  
  88  6:29  Armory  
  88  6:30  Supply Depot  
  88  6:31  Hellbat x2  
  92  6:34  Command Center  
  92  6:40  SCV x3  
  92  6:43  Supply Depot, Starport Tech Lab x2  
  92  6:44  Banshee  
  98  6:57  Barracks  
  98  6:59  Ghost Academy, Barracks x2  
  97  7:07  Hellbat x2  
  97  7:08  Banshee  
  104  7:10  Banshee  
  104  7:13  SCV x2  
  104  7:14  SCV  
  110  7:19  Cyclone  
  113  7:24  Supply Depot  
  113  7:30  Hellbat x2  
  113  7:36  Banshee  
  120  7:38  SCV  
  120  7:39  SCV x2  
  122  7:50  Banshee  
  102  8:00  Refinery  
  102  8:01  Barracks Tech Lab  
  102  8:02  Barracks Tech Lab  
  102  8:03  Cyclone, Hellbat x2  
  88  8:16  Missile Turret  
  88  8:17  SCV  
  83  8:20  Ghost x2  
  89  8:36  Refinery  
Tags
 
Add a new tag
Caveats
  • Supply blocks, unpowered buildings, or Contaminate may cause inaccurate times.
  • Supply counts are checked every 10 seconds.